 Seeded DCSS version 0.30.0-15-g856e2d3f33 (webtiles) character file.

Game seed: 4251730087505265810 (custom seed)

1596 bmack86 the Chopper (level 8, -3/70 HPs)
             Began as a Minotaur Fighter on May 19, 2023.
             Was an Initiate of Okawaru.
             Slain by a black bear (4 damage)
             ... on level 6 of the Dungeon.
             The game lasted 00:17:53 (5906 turns).

bmack86 the Chopper (Minotaur Fighter)              Turns: 5906, Time: 00:17:55

Health: -3/70      AC: 19    Str: 24    XL:     8   Next: 62%
Magic:  11/11      EV:  8    Int:  5    God:    Okawaru [......]
Gold:   230        SH:  6    Dex:  9    Spells: 7/7 levels left

rFire   . . .        a - +0 war axe
rCold   . . .        d - +1 buckler {rN+}
rNeg    + . .        x - +6 chain mail of Untold Secrets {rElec}
rPois   .            (helmet restricted)
rElec   +            (no cloak)
rCorr   .            (no gloves)
SInv    .            h - +2 pair of boots
Will    +....        k - amulet of magic regeneration Stlth
                     g - ring of willpower
HPRegen 0.31/turn    (no ring)
MPRegen 0.52/turn

%: no passive effects
@: studying Invocations
A: horns 2, retaliatory headbutt
a: Renounce Religion


You were on level 6 of the Dungeon.
You worshipped Okawaru.
Okawaru was noncommittal.
You visited 2 branches of the dungeon, and saw 7 of its levels.
You also visited: Sewer.

You collected 477 gold pieces.
You spent 247 gold pieces at shops.

Inventory:

Hand Weapons
 a - a +0 war axe (weapon)
Missiles
 j - a curare-tipped dart
 p - 5 boomerangs (quivered)
Armour
 b - a +0 scale mail
 c - a +0 buckler
 d - a +1 buckler of positive energy (worn)
 h - a +2 pair of boots (worn)
 x - the +6 chain mail of Untold Secrets (worn) {rElec}
   (You bought it in a shop on level 1 of the Dungeon)

   rElec:     It insulates you from electricity.
Jewellery
 g - a ring of willpower (left hand)
 k - an amulet of magic regeneration (around neck)
 l - a ring of ice
 s - a ring of positive energy
 y - a ring of fire
Wands
 A - a wand of mindburst (16)
Scrolls
 e - 2 scrolls of immolation
 i - 2 scrolls of fear
 m - a scroll of teleportation
 v - a scroll of torment {unknown}
Potions
 f - a potion of curing
 n - a potion of invisibility
 o - 4 potions of brilliance
 q - 2 potions of flight
 r - a potion of mutation
 t - a potion of magic {unknown}
 u - a potion of heal wounds
 w - a potion of attraction {unknown}
 z - 2 potions of cancellation {unknown}


   Skills:
 + Level 6.2 Fighting
 * Level 7.5 Axes
 + Level 3.5 Throwing
 + Level 6.2 Armour
 + Level 6.1 Shields
 + Level 5.3 Invocations


You had 7 spell levels left.
You didn't know any spells.
Your spell library contained the following spells:

 Spells                   Type           Power      Damage    Failure   Level
 Magic Dart               Conj           0%         1d3       97%         1
 Slow                     Hex            0%         N/A       97%         1
 Blink                    Tloc           0%         N/A       99%         2
 Lesser Beckoning         Tloc           0%         N/A       99%         2
 Momentum Strike          Conj/Tloc      0%         3d8       99%         2
 Scorch                   Fire           0%         2d5       99%         2
 Searing Ray              Conj           0%         2d4       99%         2
 Sublimation of Blood     Necr           0%         N/A       99%         2
 Wereblood                Tmut           0%         N/A       99%         2
 Confusing Touch          Hex            0%         N/A       100%        3
 Frozen Ramparts          Ice            0%         1d1       100%        3
 Vampiric Draining        Necr           0%         2d6       100%        3
 Flame Wave               Conj/Fire      0%         2d4       100%        4
 Fulminant Prism          Conj/Hex       0%         3d5       100%        4
 Ice Form                 Ice/Tmut       0%         N/A       100%        4
 Blade Hands              Tmut           0%         N/A       100%        5
 Irradiate                Conj/Tmut      0%         3d11      100%        5
 Dragon Form              Tmut           0%         N/A       100%        7
 Summon Small Mammal      Summ           Unusable   N/A       N/A         1
 Call Canine Familiar     Summ           Unusable   N/A       N/A         3
 Summon Guardian Golem    Hex/Summ       Unusable   N/A       N/A         3
 Summon Ice Beast         Ice/Summ       Unusable   N/A       N/A         4
 Summon Cactus Giant      Summ           Unusable   N/A       N/A         6
 Summon Hydra             Summ           Unusable   N/A       N/A         7

Dungeon Overview and Level Annotations

Branches:
Dungeon (6/15)             Temple (1/1) D:6           Sewer (visited)

Altars:
Ashenzari
Cheibriados
Dithmenos
Elyvilon
Fedhas
Gozag
Kikubaaqudgha
Makhleb
Okawaru
Qazlal
Ru
Sif Muna
Trog
Uskayaw
Vehumet
Xom
Yredelemnul
The Shining One
Ignis

Shops:
D:1 [   D:4 (   D:6 !

Annotations:
D:2 1 runed translucent door, Crazy Yiuf


Innate Abilities, Weirdness & Mutations

You have a pair of horns on your head.
You reflexively headbutt those who attack you in melee.


Message History

A black bear comes into view.
A sleepcap comes into view.
There is a large open door here.
A wight comes into view. It is wielding a +1 short sword.
Found 18 gold pieces and 4 stones.
Found a scroll of identify.
You barely miss the black bear. Your headbutt misses the black bear.
You barely miss the ogre.
The ogre hits you with a +0 giant club!!
The black bear bites you but does no damage.
The black bear barely misses you.
The black bear claws you but does no damage.
You hit the black bear. You headbutt the black bear.
The black bear is lightly wounded.
You slash the ogre! You hit the sleepcap but do no damage.
The black bear bites you but does no damage.
The black bear completely misses you.
The black bear claws you but does no damage.
You block the sleepcap's attack. The ogre barely misses you.
The black bear bites you. The black bear barely misses you. x2
The sleepcap closely misses you.
You hit the black bear. You headbutt the black bear!
The black bear is severely wounded.
You hit the sleepcap but do no damage. You completely miss the ogre.
The ogre hits you with a +0 giant club!
The black bear goes berserk!
The sleepcap releases spores at you.
You are engulfed in a cloud of soporific spores!
You fall asleep.
The black bear bites you!!
You wake up.
* * * LOW HITPOINT WARNING * * *
The black bear completely misses you.
The black bear claws you but does no damage.
The sleepcap releases spores at you but does no damage.
You barely miss the black bear.
The black bear is severely wounded.
You hit the sleepcap. You hit the ogre but do no damage.
The black bear bites you!
* * * LOW HITPOINT WARNING * * *
You block the black bear's attack. The black bear claws you.
You die...

.............≈...≈.# #.....#
.............≈.8.≈.#######.....#
........####...................#
........# #..................#
........# #..................#
........# #...........(>.....#
.......## ###''########......#
.......#
♣♣♣♣♣♣..♣♣♣♣♣♣♣#......##
.......#
.......@......♣#..)...#.
.....###
.≈..≈.Ohf≈..≈.♣##.).†.#. .....+
.......z......♣ #..)..#. .....#
..............♣##.....'. .....#
.≈..≈....≈..≈.♣#'.....#. .....#
..............♣##.....#. ......
.......$..(...♣#......#†
.......?......♣#......#.
#......#.


You could see a black bear (berserk), an ogre, a sleepcap and a wight.

Vanquished Creatures
  Prince Ribbit (D:6)
  2 ice beasts
  2 ogres
  A phantom (D:5)
  A kobold brigand (Sewer)
  2 scorpions (D:6)
  A gnoll sergeant (D:5)
  The ghost of DemonSlayer the Digger, a weakling DsEE (D:4)
  A howler monkey (D:6)
  A jelly (D:5)
  A hound (D:5)
  5 orc priests
  A sleepcap (D:5)
  3 iguanas
  Terence (D:2)
  An orc wizard (D:6)
  5 gnolls
  7 adders
  6 river rats (Sewer)
  A white imp (D:5)
  2 ufetubi
  A dart slug (D:4)
  16 orcs
  10 ball pythons
  4 endoplasms
  3 giant cockroaches (D:1)
  5 goblins
  8 hobgoblins
  9 jackals
  6 kobolds
  6 quokkas
  5 bats
  4 frilled lizards
  9 rats
132 creatures vanquished.

Notes
Turn   | Place    | Note
-------+----------+-------------------------------------------
     0 | D:1      | bmack86 the Minotaur Fighter began the quest for the Orb.
     0 | D:1      | Reached XP level 1. HP: 19/19 MP: 0/0
   118 | D:1      | Found Pupriupi's Antique Armour Shop.
   151 | D:1      | Reached XP level 2. HP: 26/27 MP: 1/1
   266 | D:1      | Reached skill level 3 in Axes
   735 | D:2      | Reached XP level 3. HP: 27/33 MP: 2/2
   918 | D:2      | Noticed Terence
   925 | D:2      | Killed Terence
  1382 | D:2      | Found a runed translucent door.
  1383 | D:2      | Noticed Crazy Yiuf
  1474 | D:2      | Reached XP level 4. HP: 21/40 MP: 3/3
  1865 | D:3      | Reached skill level 4 in Axes
  2606 | D:4      | Found a glowing drain.
  2611 | D:4      | Reached skill level 1 in Invocations
  2625 | Sewer    | Entered a sewer
  2720 | Sewer    | Reached XP level 5. HP: 47/47 MP: 3/5
  2844 | Sewer    | Reached skill level 1 in Throwing
  3067 | Sewer    | Reached XP level 6. HP: 53/53 MP: 6/6
  3357 | D:4      | Reached skill level 5 in Axes
  3407 | D:4      | Found a snail-covered altar of Cheibriados.
  3438 | D:4      | Found a runed translucent door.
  3438 | D:4      | Noticed DemonSlayer's ghost (weakling DsEE)
  3451 | D:4      | Killed DemonSlayer's ghost
  3453 | D:4      | Noticed an ice beast
  3458 | D:4      | Killed an ice beast
  3459 | D:4      | Reached skill level 5 in Fighting
  3459 | D:4      | Reached skill level 5 in Armour
  3459 | D:4      | Reached skill level 5 in Shields
  3554 | D:4      | Found Ostreihur's Weapon Shop.
  3590 | D:4      | Reached XP level 7. HP: 44/61 MP: 8/8
  4414 | D:5      | Entered Level 5 of the Dungeon
  4516 | D:1      | Bought a masterwork chain mail for 247 gold pieces
  4516 | D:1      | Identified the +6 chain mail of Untold Secrets {rElec} (You
                  | bought it in a shop on level 1 of the Dungeon)
  4594 | D:5      | Reached skill level 6 in Axes
  4611 | D:5      | Found a shimmering blue altar of Sif Muna.
  4636 | D:5      | Found a shadowy altar of Dithmenos.
  4648 | D:5      | Found a basalt altar of Yredelemnul.
  4878 | D:5      | Reached XP level 8. HP: 65/69 MP: 10/10
  5252 | D:6      | Found Qenissom's Distillery.
  5285 | D:6      | Noticed Prince Ribbit
  5304 | D:6      | Killed Prince Ribbit
  5305 | D:6      | Reached skill level 7 in Axes
  5305 | D:6      | Reached skill level 5 in Invocations
  5424 | D:6      | Found an opulent altar of Gozag.
  5477 | D:6      | Found a staircase to the Ecumenical Temple.
  5494 | Temple   | Entered the Ecumenical Temple
  5502 | Temple   | Became a worshipper of Warmaster Okawaru
  5893 | D:6      | Found a glowing golden altar of the Shining One.
  5906 | D:6      | HP: 1/70 [black bear (7)]
  5906 | D:6      | Slain by a black bear

Illustrated notes

Levels and vault maps discovered:
D:1:      lemuel_arrival_funnel, layout_basic, serial_shops,
          nicolae_shop_behind_doors, amcnicky_mini_pool_small,
          minmay_misc_feat_more_columns
D:2:      layout_loops_cross, cheibrodos_gnoll_hut, uniq_crazy_yiuf_cottage,
          uniq_terence
D:3:      layout_loops_ring, minmay_crystal_water
D:4:      layout_loops_corners, kennysheep_slug_shrine, serial_shops,
          nicolae_lakefront_shop, cheibrodos_sewer_entry_sluice,
          ebering_ghost_inner_flame
D:5:      layout_cave_pools, mainiacjoe_overflow_six_doors_small,
          mainiacjoe_overflow_catwalk_spiral
D:6:      layout_gridville, nicolae_gozag_seed_capital,
          mainiacjoe_overflow_catwalk, temple_pool_b, serial_shops,
          nicolae_shop_tiny_statue_garden, kennysheep_dice, uniq_prince_ribbit1
Temple:   pdpol_scorched_temple

Skill      XL: |  1  2  3  4  5  6  7  8 |
---------------+-------------------------+-----
Axes           | 3 4 5 6 7 |  7.5
Fighting       | 4 5 6 |  6.2
Armour         | 4 5 6 |  6.2
Shields        | 4 5 6 |  6.1
Invocations    | 1 2 3 4 5 |  5.3
Throwing       | 1 2 3 |  3.5

Action                     |  1- 3 |  4- 6 |  7- 9 || total
---------------------------+-------+-------+-------++-------
  Melee: War axe           |    65 |   164 |   111 ||   340
         Headbutt          |     4 |    29 |    25 ||    58
  Throw: Boomerang         |       |       |     4 ||     4
    Use: Scroll            |     2 |     8 |     6 ||    16
         Potion            |       |     2 |     1 ||     3
 Armour: Scale mail        |    36 |    66 |    13 ||   115
         Chain mail        |       |       |    69 ||    69
  Dodge: Dodged            |    36 |    85 |    68 ||   189
  Block: Buckler           |    22 |    30 |    29 ||    81
